 Dungeon Crawl Stone Soup version 0.25.0-1-g7eea58d2a3 (webtiles) character file.

Game seed: 2311473406516390092

19712 nikku the Thaumaturge (level 12, -4/71 HPs)
             Began as a Deep Elf Conjurer on June 14, 2020.
             Was a High Priest of Vehumet.
             Slain by a seven-headed hydra (5 damage)
             ... on level 15 of the Dungeon on June 15, 2020.
             The game lasted 00:59:06 (16862 turns).

nikku the Thaumaturge (Deep Elf Conjurer)          Turns: 16862, Time: 00:59:07

Health: -4/71      AC: 12    Str:  6    XL:     12   Next: 38%
Magic:  15/38      EV: 14    Int: 25    God:    Vehumet [*****.]
Gold:   387        SH: 12    Dex: 15    Spells: 19/33 levels left

rFire    . . .     SeeInvis +   z - +0 demon whip (protect)
rCold    . . .     Gourm    .   g - +2 kite shield
rNeg     + . .     Faith    +   B - +2 robe {rN+}
rPois    .         Spirit   .   o - +1 helmet
rElec    .         Reflect  .   q - +2 cloak
rCorr    .         Harm     .   A - +1 pair of gloves
MR       +....                  E - +0 pair of boots
Stlth    +++.......             t - amulet of faith
HPRegen  0.21/turn              I - ring of magical power
MPRegen  0.26/turn              F - ring of see invisible

@: no status effects
A: no striking features
a: Renounce Religion


You were on level 15 of the Dungeon.
You worshipped Vehumet.
Vehumet was extremely pleased with you.
You were not hungry.

You visited 2 branches of the dungeon, and saw 14 of its levels.

You collected 627 gold pieces.
You spent 240 gold pieces at shops.

Inventory:

Hand Weapons
 z - a +0 demon whip of protection (weapon)
Missiles
 j - 115 poisoned darts (quivered)
 y - 7 curare-tipped darts
Armour
 g - a +2 kite shield (worn)
 o - a +1 helmet (worn)
 q - a +2 cloak (worn)
 s - a scarf of invisibility
 A - a +1 pair of gloves (worn)
 B - a +2 robe of positive energy (worn)
 E - a +0 pair of boots (worn)
Jewellery
 l - a +4 ring of protection
 n - an uncursed amulet of the acrobat
 t - an amulet of faith (around neck)
 u - an uncursed amulet of reflection
 F - a ring of see invisible (right hand)
 I - a ring of magical power (left hand)
Wands
 w - a wand of random effects (23)
 C - a wand of acid (8)
 G - a wand of disintegration (10)
Scrolls
 b - 3 scrolls of magic mapping
 d - 4 scrolls of remove curse
 f - a scroll of fog {unknown}
 h - a scroll of identify
Potions
 e - 2 potions of brilliance
 k - a potion of might {unknown}
 m - 3 potions of curing
 x - a potion of cancellation {unknown}
 D - a potion of lignification
Comestibles
 c - 23 rations


   Skills:
 + Level 6.8 Fighting
 + Level 5.5 Dodging
 + Level 6.2 Stealth
 * Level 9.9 Shields
 + Level 11.2 Spellcasting
 - Level 8.0 Conjurations
 - Level 8.5 Hexes
 - Level 7.0 Translocations


You had 19 spell levels left.
You knew the following spells:

 Your Spells              Type           Power        Failure   Level  Hunger
a - Magic Dart            Conj           ####         1%          1    None
b - Searing Ray           Conj           ######       1%          2    None
c - Iskenderun's Mystic   Conj/Tloc      ######..     1%          4    None
d - Fulminant Prism       Conj/Hex       ######....   1%          4    None
e - Conjure Flame         Conj/Fire      ####....     1%          3    None

Your spell library contained the following spells:

 Spells                   Type           Power        Failure   Level  Hunger
 Yara's Violent Unravell  Hex/Tmut       #####.....   11%         5    ###....
 Dazzling Flash           Conj/Hex       ######       1%          3    None
 Beastly Appendage        Tmut           ##....       9%          1    None
 Sticks to Snakes         Tmut           ##......     13%         2    None
 Spider Form              Tmut/Pois      ##........   26%         3    None
 Ice Form                 Ice/Tmut       ##......     63%         4    None
 Blade Hands              Tmut           ##........   93%         5    ###....


Dungeon Overview and Level Annotations

Branches:
Dungeon (12/15)            Temple (1/1) D:4            Lair (0/6) D:10
    Orc (0/2) D:10

Altars:
Ashenzari
Cheibriados
Dithmenos
Elyvilon
Fedhas
Gozag
Hepliaklqana
Kikubaaqudgha
Makhleb
Nemelex Xobeh
Okawaru
Qazlal
Ru
Sif Muna
Trog
Uskayaw
Vehumet
Wu Jian
Xom
Yredelemnul
Zin
The Shining One

Shops:
D:8 (


Message History

Vehumet accepts your kill.
You feel your power returning.
The mystic blast hits the seven-headed hydra!
The seven-headed hydra is severely wounded.
The seven-headed hydra is knocked back by the mystic blast.
Casting: Iskenderun's Mystic Blast (dangerous; 1% risk of failure)
Confirm with . or Enter, or press ? or * to list all spells.
You erupt in a blast of force!
The mystic blast hits the six-headed hydra!!
The six-headed hydra is moderately wounded.
The six-headed hydra is knocked back by the mystic blast.
The six-headed hydra collides with the tengu warrior!
The mystic blast hits the seven-headed hydra!
The seven-headed hydra is almost dead.
You hear a horrible gurgling sound!
You block the seven-headed hydra's attack. x2
The seven-headed hydra bites you.
* * * LOW HITPOINT WARNING * * *
The seven-headed hydra bites you.
You die...

#........ #........
#........
#######........
...............
#...............
#.!.†..D........
#...Z..@# #.#
#......†# #.#
#.......# #.#
........# #.# .#
#.#####D######.#####.#
# #Q4.4.4D.......#
#.######WK.....# #.#
#.Z.....## #.#
#D........


You could see a seven-headed hydra, a six-headed hydra, a tengu warrior, a chaos
spawn (summoned) and a centaur warrior zombie.

Vanquished Creatures
  3 hydras
  2 two-headed ogres (D:11)
  3 skeletal warriors (D:11)
  A wolf spider zombie (D:12)
  4 cyclopes
  2 ugly things (D:11)
  A gargoyle (D:11)
  A kobold demonologist (D:11)
  2 trolls
  A hornet (D:12)
  5 slime creatures (D:12)
  Grinder (D:3)
  A hippogriff (D:9)
  2 dream sheep (D:9)
  Sigmund (D:2)
  7 yaks (D:9)
  5 vampire mosquitoes (D:15)
  Menkaure (D:4)
  2 water moccasins
  A black bear (D:11)
  4 orc warriors
  4 sky beasts
  A necrophage (D:11)
  An ice beast (D:11)
  6 ogres
  6 phantoms
  The ghost of Raspi the Poker, an amateur MfGl (D:3)
  2 centaurs (D:8)
  20 big kobolds
  2 bullfrogs
  3 scorpions
  A wyvern skeleton (D:12)
  6 killer bees (D:7)
  A howler monkey (D:7)
  9 wights
  5 jellies
  4 crimson imps
  A centaur zombie (D:5)
  A quasit (D:9)
  Crazy Yiuf (D:2)
  A bullfrog skeleton (D:12)
  2 bullfrog zombies
  10 orc priests
  5 hounds
  3 centaur skeletons
  7 iguanas
  9 worker ants
  6 orc wizards
  A killer bee zombie (D:7)
  2 worker ant zombies
  8 gnolls
  A river rat (D:5)
  16 adders
  3 oozes
  An adder zombie (D:7)
  2 dart slugs (D:1)
  A worm (D:4)
  6 leopard geckos
  66 orcs
  4 ball pythons
  3 giant cockroaches
  6 hobgoblins
  7 jackals
  39 kobolds
  5 quokkas
  7 bats
  4 frilled lizards
  A jackal zombie (D:7)
  A quokka zombie (D:7)
  10 rats
  A fulminant prism (D:9)
  3 plants
366 creatures vanquished.

Vanquished Creatures (others)
  31 fulminant prisms
31 creatures vanquished.

Grand Total: 397 creatures vanquished

Notes
Turn   | Place    | Note
-------+----------+-------------------------------------------
     0 | D:1      | nikku the Deep Elf Conjurer began the quest for the Orb.
     0 | D:1      | Reached XP level 1. HP: 10/10 MP: 6/6
   194 | D:1      | Reached XP level 2. HP: 15/15 MP: 2/8
   761 | D:1      | Found a glowing golden altar of the Shining One.
   975 | D:2      | Reached XP level 3. HP: 20/20 MP: 5/10
  1068 | D:2      | Reached skill level 1 in Shields
  1154 | D:2      | Reached skill level 4 in Spellcasting
  1158 | D:2      | Learned a level 2 spell: Searing Ray
  1411 | D:2      | Found a runed translucent door.
  1412 | D:2      | Noticed Crazy Yiuf
  1419 | D:2      | Killed Crazy Yiuf
  1419 | D:2      | Reached skill level 1 in Fighting
  1419 | D:2      | Reached skill level 5 in Conjurations
  1419 | D:2      | Reached XP level 4. HP: 25/25 MP: 7/12
  1651 | D:2      | Noticed Sigmund
  1656 | D:2      | Killed Sigmund
  1656 | D:2      | Reached XP level 5. HP: 30/30 MP: 5/14
  2112 | D:2      | Reached XP level 6. HP: 35/35 MP: 7/15
  2209 | D:2      | Learned a level 4 spell: Iskenderun's Mystic Blast
  2214 | D:2      | Learned a level 4 spell: Fulminant Prism
  2513 | D:3      | Reached skill level 5 in Spellcasting
  2620 | D:3      | Found a hide-covered altar of Uskayaw.
  2621 | D:3      | Found a shimmering blue altar of Sif Muna.
  2621 | D:3      | Found a burning altar of Makhleb.
  2625 | D:3      | Found a bloodstained altar of Trog.
  2652 | D:3      | Found a runed translucent door.
  2660 | D:3      | Noticed Raspi's ghost (amateur MfGl)
  2674 | D:3      | Killed Raspi's ghost
  2674 | D:3      | Reached skill level 1 in Hexes
  2785 | D:3      | Noticed Grinder
  2795 | D:3      | Killed Grinder
  2795 | D:3      | Reached skill level 1 in Translocations
  2795 | D:3      | Reached XP level 7. HP: 27/40 MP: 5/17
  3460 | D:3      | Found an ancient bone altar of Kikubaaqudgha.
  3460 | D:3      | Found a snail-covered altar of Cheibriados.
  3607 | D:4      | Found a staircase to the Ecumenical Temple.
  3613 | Temple   | Entered the Ecumenical Temple
  3723 | Temple   | Became a worshipper of Vehumet
  3888 | D:4      | Found a white marble altar of Elyvilon.
  4511 | D:4      | Noticed Menkaure
  4516 | D:4      | Killed Menkaure
  4516 | D:4      | Reached XP level 8. HP: 45/45 MP: 11/18
  4772 | D:4      | Reached skill level 6 in Spellcasting
  5042 | D:5      | Entered Level 5 of the Dungeon
  5843 | D:5      | Reached * piety under Vehumet
  5843 | D:5      | Offered knowledge of Freeze by Vehumet.
  6539 | D:6      | Reached skill level 5 in Shields
  6913 | D:6      | Reached XP level 9. HP: 51/51 MP: 17/21
  6937 | D:6      | Reached skill level 7 in Spellcasting
  7192 | D:7      | Found an opulent altar of Gozag.
  7386 | D:7      | Reached ** piety under Vehumet
  7386 | D:7      | Offered knowledge of Foxfire by Vehumet.
  7386 | D:7      | Reached skill level 5 in Hexes
  8018 | D:7      | Identified the cursed +0 robe of the Scribe {MR- Str+2
                  | Int+4}
  8034 | D:7      | Offered knowledge of Stone Arrow by Vehumet.
  8128 | D:7      | Reached *** piety under Vehumet
  8780 | D:8      | Found Wisoluc's Weapon Boutique.
  9154 | D:8      | Reached skill level 5 in Translocations
  9558 | D:8      | Bought a +0 demon whip of venom for 240 gold pieces
  9704 | D:8      | Offered knowledge of Hailstorm by Vehumet.
  9704 | D:8      | Reached skill level 8 in Spellcasting
 10216 | D:8      | Reached XP level 10. HP: 46/58 MP: 16/24
 11062 | D:9      | Reached **** piety under Vehumet
 11301 | D:9      | Offered knowledge of Conjure Flame by Vehumet.
 11556 | D:9      | Reached skill level 5 in Fighting
 11621 | D:9      | Noticed a three-headed hydra
 11639 | D:9      | Killed a three-headed hydra
 11639 | D:9      | Reached skill level 9 in Spellcasting
 12037 | D:9      | Learned a level 4 spell: Fulminant Prism
 12041 | D:9      | Learned a level 3 spell: Conjure Flame
 12063 | D:10     | Entered Level 10 of the Dungeon
 12809 | D:10     | Found a staircase to the Lair.
 12854 | D:10     | Reached ***** piety under Vehumet
 12988 | D:10     | Offered knowledge of Yara's Violent Unravelling by Vehumet.
 13045 | D:10     | Found a staircase to the Orcish Mines.
 13113 | D:11     | Noticed a seven-headed hydra
 13122 | D:10     | Killed a seven-headed hydra
 13122 | D:10     | Reached XP level 11. HP: 4/64 MP: 13/26
 13782 | D:11     | Noticed a seven-headed hydra
 13802 | D:11     | Killed a seven-headed hydra
 14066 | D:11     | Noticed a skeletal warrior
 14066 | D:11     | Noticed a skeletal warrior
 14066 | D:11     | Noticed a skeletal warrior
 14078 | D:11     | Noticed a purple ugly thing
 14130 | D:11     | Killed a purple ugly thing
 14266 | D:11     | Noticed a two-headed ogre
 14271 | D:11     | Noticed a white ugly thing
 14278 | D:11     | Killed a two-headed ogre
 14278 | D:11     | Reached skill level 10 in Spellcasting
 14296 | D:11     | Killed a green ugly thing
 14489 | D:11     | Noticed a two-headed ogre
 14497 | D:11     | Killed a two-headed ogre
 15000 | D:11     | Killed a skeletal warrior
 15415 | D:11     | Killed a skeletal warrior
 15415 | D:11     | Reached skill level 5 in Stealth
 15415 | D:11     | Reached XP level 12. HP: 35/71 MP: 5/28
 16363 | D:12     | Reached skill level 5 in Dodging
 16474 | D:12     | Reached skill level 11 in Spellcasting
 16833 | D:12     | You fall into a shaft and drop 3 floors!
 16833 | D:15     | Entered Level 15 of the Dungeon
 16834 | D:15     | Noticed a six-headed hydra
 16851 | D:15     | Noticed a seven-headed hydra
 16854 | D:15     | Noticed a tengu warrior
 16862 | D:15     | HP: 1/71 [seven-headed hydra (6)]
 16862 | D:15     | Slain by a seven-headed hydra

Illustrated notes

Levels and vault maps discovered:
D:1:      nzn_arrival_depleted_hourglass, layout_rooms,
          chequers_serial_rivers_large_a, corexii_leaking_fountain, tso_altar
D:2:      layout_basic, first_ration, uniq_crazy_yiuf_cottage, uniq_sigmund
D:3:      layout_basic, chequers_temple_overflow_statue_of_worship, minitemple,
          ebering_ghost_reflecting_pool, uniq_grinder
D:4:      layout_basic, elyvilon_altar_5, minmay_temple_entry_hall,
          abandoned_shop, minmay_misc_feat_chi, uniq_menkaure
D:5:      layout_basic, portal_sewer_entry_a
D:6:      layout_cave_pools
D:7:      kennysheep_kobold_camp, layout_rooms, lemuel_crystal_altar
D:8:      minmay_spotlight, layout_basic, serial_shops, shop
D:9:      layout_roguey, hangedman_ranch [blue_anna_fruit_fields],
          roderic_roman_lattice
D:10:     layout_basic, lair_entry_dummy, hiddenorc1_lemuel
D:11:     layout_roguey, special_room [special_room_kobold]
D:12:     layout_cross, serial_column_ruins, column_ruins_open_tiny,
          column_ruins_columns_straight, column_ruins_open_tiny,
          column_ruins_columns_corner, column_ruins_columns_straight,
          column_ruins_grid_1
D:15:     grunt_enter_depths_hoard, layout_small_grid, uniq_josephine
Temple:   jpeg_temple_clearing

Skill      XL: |  1  2  3  4  5  6  7  8  9 10 11 12 |
---------------+-------------------------------------+-----
Shields        | 1 2 3 4 5 6 7 9 |  9.9
Spellcasting   | 4 5 6 8 9 10 11 | 11.2
Fighting       | 1 2 3 4 5 6 |  6.8
Conjurations   | 5 6 7 8 |  8.0
Hexes          | 2 3 4 6 8 |  8.5
Translocations | 1 2 3 5 6 7 |  7.0
Dodging        | 4 5 |  5.5
Stealth        | 5 6 |  6.2

Action                   |  1- 3 |  4- 6 |  7- 9 | 10-12 || total
-------------------------+-------+-------+-------+-------++-------
Melee: Demon whip        |       |       |     1 |       ||     1
 Cast: Magic Dart        |    62 |    39 |   235 |   146 ||   482
       Searing Ray       |     1 |    10 |    65 |   101 ||   177
       Fulminant Prism   |       |       |    16 |    16 ||    32
       Iskenderun's Myst |       |       |     2 |    76 ||    78
       Conjure Flame     |       |       |       |     1 ||     1
  Use: Scroll            |     2 |     3 |     8 |    13 ||    26
       Potion            |       |       |       |     3 ||     3
  Eat: Chunk             |     1 |     5 |    17 |    11 ||    34
       Ration            |       |       |     2 |     3 ||     5
Armor: Robe              |       |       |    18 |    32 ||    50
Dodge: Dodged            |     1 |    15 |    56 |    73 ||   145
Block: Kite shield       |       |       |    17 |   116 ||   133
